 Dungeon Crawl Stone Soup version 0.29-a0-919-gd064cfad1c (webtiles) character file.

Game seed: 3736970891114517351

118 ders the Digger (level 5, -2/28 HPs)
             Began as a Gargoyle Earth Elementalist on July 26, 2022.
             Killed from afar by Ijyb (16 damage)
             ... with a bolt of light
             ... on level 3 of the Dungeon.
             The game lasted 00:02:46 (3250 turns).

ders the Digger (Gargoyle Earth Elementalist)       Turns: 3250, Time: 00:02:47

Health: -2/28      AC:  6    Str: 12    XL:     5   Next: 2%
Magic:  0/9        EV: 11    Int: 17    God:
Gold:   108        SH:  0    Dex: 10    Spells: 6/10 levels left

rFire   + . .      SeeInvis .   l - +1 dagger (protect)
rCold   + . .      Faith    .   (no shield)
rNeg    + . .      Spirit   .   a - +0 robe
rPois   ∞          Reflect  .   (no helmet)
rElec   +          Harm     .   (no cloak)
rCorr   +          Rampage  .   (no gloves)
Will    .....                   (no boots)
Stlth   ++........              (no amulet)
HPRegen 0.09/turn               (no ring)
MPRegen 0.11/turn               (no ring)

@: resistant, very slightly contaminated
A: sickness immunity, AC +4, negative energy resistance 1, electricity
resistance, torment resistance 1, petrification resistance
a: no special abilities


You were on level 3 of the Dungeon.
You visited 1 branch of the dungeon, and saw 3 of its levels.

You collected 108 gold pieces.

Inventory:

Hand Weapons
 l - a +1 dagger of protection (weapon)
Armour
 a - a +0 robe (worn)
 i - +0 storm dragon scales
Scrolls
 f - a scroll of teleportation {unknown}
 j - 2 scrolls of identify {unknown}
 m - a scroll of magic mapping {unknown}
 n - a scroll of blinking {unknown}
Potions
 c - a potion of resistance
 d - a potion of might {unknown}
 e - 3 potions of curing {unknown}
 g - 2 potions of brilliance {unknown}
 h - 4 potions of heal wounds {unknown}
 k - a potion of flight {unknown}


   Skills:
 - Level 1.5 Dodging
 - Level 2.1 Stealth
 + Level 3.1 Spellcasting
 + Level 2.6 Conjurations
 - Level 0.7 Transmutations
 + Level 4.8 Earth Magic


You had 6 spell levels left.
You knew the following spells:

 Your Spells              Type           Power      Damage    Failure   Level
a - Sandblast             Erth           38%        2d10      2%          1
b - Stone Arrow           Conj/Erth      30%        3d8       11%         3

Your spell library contained the following spells:

 Spells                   Type           Power      Damage    Failure   Level
 Passwall                 Tmut/Erth      10%        N/A       9%          2
 Dazzling Flash           Conj/Hex       14%        N/A       30%         3
 Petrify                  Tmut/Erth      12%        N/A       50%         4
 Agony                    Necr           2%         N/A       99%         5
 Silence                  Hex/Air        1%         N/A       99%         5


Dungeon Overview and Level Annotations

Branches:
Dungeon (3/15)

Altars:
Cheibriados

Annotations:
D:3 Ijyb


Innate Abilities, Weirdness & Mutations

You are immune to sickness and miasma.
Your stone body is resilient. (AC +4)
You are immune to poison.
You resist negative energy. (rN+)
You are resistant to electric shocks. (rElec)
You are resistant to unholy torment.
You are immune to petrification.


Message History

Confirm with . or Enter, or press ? or * to list all spells.
You don't have enough magic to cast this spell.
Unknown command.
Magic courses through your body.
Casting: Stone Arrow (quite dangerous; 11% risk of failure)
Confirm with . or Enter, or press ? or * to list all spells.
Aiming: Stone Arrow (quite dangerous; 11% risk of failure)
Press: ? - help, Shift-Dir - straight line, f/p - Ijyb
Aim: Ijyb, wielding a +0 dagger, wearing a +0 ring mail and carrying a wand of light (6) (moderately wounded, 64% to hit)
The stone arrow hits Ijyb!
Ijyb is severely wounded.
Unknown command.
Casting: Stone Arrow (quite dangerous; 11% risk of failure)
Confirm with . or Enter, or press ? or * to list all spells.
Aiming: Stone Arrow (quite dangerous; 11% risk of failure)
Press: ? - help, Shift-Dir - straight line, f/p - Ijyb
Aim: Ijyb, wielding a +0 dagger, wearing a +0 ring mail and carrying a wand of light (6) (severely wounded, 64% to hit)
You miscast Stone Arrow.
You are very lightly contaminated with residual magic.
Rocks fall onto you out of nowhere. Ijyb barely misses you.
Casting: Stone Arrow (quite dangerous; 11% risk of failure)
Confirm with . or Enter, or press ? or * to list all spells.
Aiming: Stone Arrow (quite dangerous; 11% risk of failure)
Press: ? - help, Shift-Dir - straight line, f/p - Ijyb
Aim: Ijyb, wielding a +0 dagger, wearing a +0 ring mail and carrying a wand of light (6) (severely wounded, 64% to hit)
The stone arrow misses Ijyb.
Ijyb closely misses you.
Unknown command.
It was a potion of resistance.
You feel protected. Ijyb hits you with a +0 dagger.
Ijyb attacks as you move away! Ijyb hits you with a +0 dagger.
Ijyb attacks as you move away! Ijyb misses you.
Casting: Stone Arrow (quite dangerous; 11% risk of failure)
Confirm with . or Enter, or press ? or * to list all spells.
Aiming: Sandblast (safe; 2% risk of failure)
Press: ? - help, Shift-Dir - straight line, f/p - Ijyb
Aim: Ijyb, wielding a +0 dagger, wearing a +0 ring mail and carrying a wand of light (6) (severely wounded, 80% to hit)
The blast of sand misses Ijyb.
Ijyb zaps a wand.
The bolt of light hits you!
Ouch! That really hurt!
You die...

#..........###'#'#### #.
#...........).......# #.
#...................# #.
#...................# #.
#........##+##'#'#### #.
####+#+#.##....#.......#
#. #
#.##....#..##########.
.#$#. #....#..#........#.
.....##.@..#.............
........g..##.#.######...
..........>+ .#..........
.......†...# #########.#.
...........+ ..........
#######....# #######.#.
##># #....# #.#< 8..
#....# #.## .. #....#
#...


You could see Ijyb.

Vanquished Creatures
  A hound (D:2)
  2 adders (D:2)
  3 worms
  2 dart slugs
  7 endoplasms
  3 giant cockroaches
  5 goblins
  5 hobgoblins
  2 jackals (D:2)
  8 kobolds
  A quokka (D:1)
  6 ball pythons
  4 bats
  2 frilled lizards
  A rat (D:2)
52 creatures vanquished.

Notes
Turn   | Place    | Note
-------+----------+-------------------------------------------
     0 | D:1      | ders the Gargoyle Earth Elementalist began the quest for
                  | the Orb.
     0 | D:1      | Reached XP level 1. HP: 10/10 MP: 3/3
    90 | D:1      | Found a faded altar of an unknown god.
   227 | D:1      | Reached XP level 2. HP: 15/15 MP: 3/5
   291 | D:1      | Reached skill level 1 in Conjurations
   406 | D:1      | Reached skill level 4 in Earth Magic
   871 | D:1      | Reached XP level 3. HP: 19/19 MP: 4/6
  1707 | D:2      | Reached XP level 4. HP: 24/24 MP: 6/8
  2090 | D:2      | Learned a level 3 spell: Stone Arrow
  3047 | D:3      | Found a snail-covered altar of Cheibriados.
  3165 | D:3      | Reached XP level 5. HP: 28/28 MP: 6/9
  3236 | D:3      | Noticed Ijyb
  3250 | D:3      | Killed from afar by Ijyb

Illustrated notes

Levels and vault maps discovered:
D:1:      minmay_arrival_up_and_down, layout_loops_corners,
          ebering_ecumenical_altar_ruins
D:2:      minmay_chambers_of_ones, layout_basic, serial_glass, glass_columns_a,
          glass_columns_c, glass_columns_a, glass_columns_b, glass_columns_b,
          glass_columns_b, item_on_display_a
D:3:      layout_basic, nicolae_overflow_hidden_temple,
          mainiacjoe_overflow_surrounded_room, uniq_ijyb

Skill      XL: |  1  2  3  4 |
---------------+-------------+-----
Conjurations   | 1 2 |  2.6
Earth Magic    | 4 |  4.8
Spellcasting   | 3 |  3.1
Dodging        | |  1.5
Stealth        | |  2.1
Transmutations | |  0.7

Action                   |  1- 3 |  4- 6 || total
-------------------------+-------+-------++-------
Melee: Unarmed           |     1 |       ||     1
 Cast: Sandblast         |    42 |    27 ||    69
       Stone Arrow       |       |    13 ||    13
  Use: Potion            |       |     2 ||     2
Armor: Robe              |     9 |     6 ||    15
Dodge: Dodged            |    22 |    18 ||    40

Table legend: (Time is in decaauts)
 A = Elapsed time spent in this place.
 B = Non-inter-level travel time spent in this place.
 C = Inter-level travel time spent in this place.
 D = Time resting spent in this place.
 E = Time spent auto-exploring this place.
 F = Levels seen in this place.
 G = Mean time per level.
                   A        B        C        D        E       F      G
               +--------+--------+--------+--------+--------+-----+--------+
         Total |   3317 |   3212 |    105 |    131 |   2744 |   3 | 1105.7 |
       Dungeon |   3317 |   3212 |    105 |    131 |   2744 |   3 | 1105.7 |
               +--------+--------+--------+--------+--------+-----+--------+

Top non-repeatable levels by time:
     D:2: 1589 daAuts
     D:1: 1098 daAuts
     D:3: 629 daAuts
